APP
GREAT FALLS VOYAGERS @ CLEVELAND (APP) INDIANS
05/01/2044
 
TOP OF THE 1ST
Great Falls Voyagers batting - Pitching for Cleveland (APP) Indians : RHP Gilbert Paparelli
Pitching: RHP Gilbert Paparelli
Batting: RHB Andy Cotton 0-0: Called Strike
0-1: Foul Ball, location: 2F
0-2: Ball
1-2: Ball
2-2: Ball
3-2: Base on Balls
Batting: LHB Jose Duran 0-0: Called Strike
Andy Cotton steals 2nd base
0-1: Ball
1-1: Ground out 6-3 (Groundball, 6, EV 77.5 MPH)
Andy Cotton to third
Batting: LHB Carlos Ramirez 0-0: Ground out U3 (Groundball, 34, EV 102.5 MPH)
Andy Cotton scores
Batting: RHB Vic Lucatero 0-0: Called Strike
0-1: SOLO HOME RUN (Flyball, 9D, EV 98.1 MPH), Distance : 387 ft
Batting: LHB Josh Pittman 0-0: Ball
1-0: Called Strike
1-1: Ball
2-1: Foul Ball, location: 2F
2-2: Ball
3-2: Base on Balls
Batting: RHB Duncan Collins 0-0: Ball
1-0: Ball
Passed Ball!
Josh Pittman to second
2-0: Foul Ball, location: 2F
2-1: Foul Ball, location: 2F
2-2: Foul Ball, location: 2F
2-2: Foul Ball, location: 2F
2-2: Fly out, F7 (Flyball, 78S, EV 82.5 MPH)
Top of the 1st over - 2 runs, 1 hit, 0 errors, 1 left on base; Great Falls 2 - Cleveland (APP) 0
BOTTOM OF THE 1ST
Cleveland (APP) Indians batting - Pitching for Great Falls Voyagers : RHP Andy Gibson
Pitching: RHP Andy Gibson
Batting: RHB John Clark 0-0: Swinging Strike
0-1: Called Strike
0-2: Foul Ball, location: 2F
0-2: Fly out, F7 (Flyball, 7S, EV 91.2 MPH)
Batting: RHB Carlos Manriquez 0-0: Foul Ball, location: 2F
0-1: Ball
1-1: Ball
2-1: Ball
3-1: Foul Ball, location: 2F
3-2: Base on Balls
Batting: RHB Juan Gallardo 0-0: Ball
1-0: Ball
2-0: Called Strike
2-1: Called Strike
2-2: Ball
Wild Pitch!
Carlos Manriquez to second
3-2: Foul Ball, location: 2F
3-2: Ground out 4-3 (Groundball, 4S, EV 64.4 MPH)
Carlos Manriquez to third
Batting: RHB Luis Roman 0-0: Called Strike
0-1: Foul Ball, location: 2F
0-2: Ball
1-2: Strikes out looking
Bottom of the 1st over - 0 runs, 0 hits, 0 errors, 1 left on base; Great Falls 2 - Cleveland (APP) 0
TOP OF THE 2ND
Great Falls Voyagers batting - Pitching for Cleveland (APP) Indians : RHP Gilbert Paparelli
Batting: SHB Matt Childers 0-0: Ball
1-0: Called Strike
1-1: Ball
2-1: Ball
3-1: Base on Balls
Batting: SHB Jose Romo 0-0: Ball
Wild Pitch!
Matt Childers to second
1-0: Ground out U3 (Groundball, 3S, EV 82.5 MPH)
Matt Childers to third
Batting: RHB Juan Tovar 0-0: Hit by Pitch
Batting: RHB Andy Cotton 0-0: Called Strike
0-1: Called Strike
0-2: Foul Ball, location: 2F
0-2: Strikes out swinging
Batting: LHB Jose Duran 0-0: Ball
1-0: Ball
2-0: Called Strike
2-1: Fly out, F4 (Flyball, 34D, EV 86.2 MPH)
Top of the 2nd over - 0 runs, 0 hits, 0 errors, 2 left on base; Great Falls 2 - Cleveland (APP) 0
BOTTOM OF THE 2ND
Cleveland (APP) Indians batting - Pitching for Great Falls Voyagers : RHP Andy Gibson
Batting: LHB Kenji Yokoyama 0-0: Ball
1-0: Swinging Strike
1-1: Ball
2-1: Called Strike
2-2: Foul Ball, location: 2F
2-2: Foul Ball, location: 2F
2-2: Ball
3-2: Ground out 6-3 (Groundball, 6, EV 96.9 MPH)
Batting: RHB Joe Shade 0-0: Ground out 5-3 (Groundball, 56S, EV 91.9 MPH)
Batting: LHB Heath Ryland 0-0: Swinging Strike
0-1: Foul Ball, location: 2F
0-2: Ball
1-2: Ball
2-2: Strikes out swinging
Bottom of the 2nd over - 0 runs, 0 hits, 0 errors, 0 left on base; Great Falls 2 - Cleveland (APP) 0
TOP OF THE 3RD
Great Falls Voyagers batting - Pitching for Cleveland (APP) Indians : RHP Gilbert Paparelli
Batting: LHB Carlos Ramirez 0-0: Called Strike
0-1: Swinging Strike
0-2: DOUBLE (Flyball, 78D, EV 110.0 MPH)
Batting: RHB Vic Lucatero 0-0: Foul Ball, location: 2F
0-1: Ball
Wild Pitch!
Carlos Ramirez to third
1-1: Ball
Passed Ball!
Carlos Ramirez scores
2-1: Ball
3-1: Swinging Strike
3-2: Strikes out swinging
Batting: LHB Josh Pittman 0-0: Called Strike
0-1: Hit by Pitch
Batting: RHB Duncan Collins 0-0: Foul Ball, location: 2F
0-1: DOUBLE (Line Drive, 89XD, EV 106.2 MPH)
Josh Pittman to third
Runner from 3rd tries for Home, SAFE, throw by RF to home
Batting: SHB Matt Childers 0-0: Called Strike
0-1: Ball
Passed Ball!
Duncan Collins to third
1-1: Hit by Pitch
Batting: SHB Jose Romo 0-0: 3-RUN HOME RUN (Flyball, 9D, EV 96.2 MPH), Distance : 395 ft
Batting: RHB Juan Tovar 0-0: Called Strike
0-1: Ball
1-1: Ball
2-1: SINGLE (Flyball, 6MD, EV 93.8 MPH)
Batting: RHB Andy Cotton 0-0: Ball
1-0: Ball
Passed Ball!
Juan Tovar to second
2-0: Ball
3-0: Base on Balls
Batting: LHB Jose Duran 0-0: Fielders Choice at 2nd, 1-6 (Groundball, 13S, EV 60.6 MPH)
Juan Tovar to third
Batting: LHB Carlos Ramirez 0-0: Ball
1-0: Ball
Passed Ball!
Juan Tovar scores
Jose Duran to second
2-0: Foul Ball, location: 2F
2-1: Reached on error, E5 (Groundball, 56, EV 109.4 MPH)
Jose Duran to third
Batting: RHB Vic Lucatero 0-0: Called Strike
0-1: Ball
Passed Ball!
Jose Duran scores
Carlos Ramirez to second
1-1: Ball
2-1: Ball
3-1: Base on Balls
Batting: LHB Josh Pittman 0-0: Ground out 1-3 (Groundball, 13S, EV 65.6 MPH)
Top of the 3rd over - 7 runs, 4 hits, 1 error, 2 left on base; Great Falls 9 - Cleveland (APP) 0
BOTTOM OF THE 3RD
Cleveland (APP) Indians batting - Pitching for Great Falls Voyagers : RHP Andy Gibson
Batting: LHB Jose Esteban 0-0: Ball
1-0: Called Strike
1-1: Foul Ball, location: 2F
1-2: Ball
2-2: Ball
3-2: Base on Balls
Batting: LHB Jordan Jimenez 0-0: Bunted foul
0-1: Bunted foul
0-2: Bunted foul, Strikeout!
Batting: RHB John Clark 0-0: Ball
1-0: Called Strike
1-1: Ball
2-1: Ball
3-1: Base on Balls
Jose Esteban to second
Batting: RHB Carlos Manriquez 0-0: Called Strike
0-1: Foul Ball, location: 2F
0-2: SINGLE (Groundball, 6MD, EV 100.0 MPH)
Jose Esteban to third
John Clark to second
Batting: RHB Juan Gallardo 0-0: Ball
1-0: Called Strike
1-1: Swinging Strike
1-2: Strikes out swinging
Batting: RHB Luis Roman 0-0: Ball
1-0: Ball
2-0: Swinging Strike
2-1: Swinging Strike
2-2: Strikes out swinging
Bottom of the 3rd over - 0 runs, 1 hit, 0 errors, 3 left on base; Great Falls 9 - Cleveland (APP) 0
TOP OF THE 4TH
Great Falls Voyagers batting - Pitching for Cleveland (APP) Indians : RHP Gilbert Paparelli
Batting: RHB Duncan Collins 0-0: Called Strike
0-1: Ball
1-1: Ball
2-1: Ball
3-1: Foul Ball, location: 2F
3-2: Ground out 6-3 (Groundball, 6, EV 98.8 MPH)
Batting: SHB Matt Childers 0-0: Ball
1-0: Foul Ball, location: 2F
1-1: Ball
2-1: Ball
3-1: Called Strike
3-2: Base on Balls
Batting: SHB Jose Romo 0-0: Ball
1-0: Called Strike
1-1: Ball
2-1: Foul Ball, location: 2F
2-2: Ball
3-2: Foul Ball, location: 2F
3-2: Base on Balls
Matt Childers to second
Batting: RHB Juan Tovar 0-0: Swinging Strike
Passed Ball!
Matt Childers to third
Jose Romo to second
0-1: Swinging Strike
Passed Ball!
Matt Childers scores
Jose Romo to third
0-2: Ball
Passed Ball!
Jose Romo scores
1-2: Ball
2-2: Ball
3-2: Strikes out swinging
Batting: RHB Andy Cotton 0-0: Ball
1-0: Foul Ball, location: 2F
1-1: Called Strike
1-2: Strikes out swinging
Top of the 4th over - 2 runs, 0 hits, 0 errors, 0 left on base; Great Falls 11 - Cleveland (APP) 0
BOTTOM OF THE 4TH
Cleveland (APP) Indians batting - Pitching for Great Falls Voyagers : RHP Andy Gibson
Batting: LHB Kenji Yokoyama 0-0: Called Strike
0-1: Ground out 1-3 (Groundball, 34S, EV 66.9 MPH)
Batting: RHB Joe Shade 0-0: Called Strike
0-1: Called Strike
0-2: Ball
1-2: SINGLE (Groundball, 56D, EV 103.1 MPH)
Batting: LHB Heath Ryland 0-0: Foul Ball, location: 2F
0-1: Fielders Choice at 2nd, 4-6 (Groundball, 4, EV 84.4 MPH)
Batting: LHB Jose Esteban 0-0: Called Strike
0-1: Ball
1-1: Foul Ball, location: 2F
1-2: Foul Ball, location: 2F
1-2: Ball
2-2: Fly out, F6 (Popup, 6M, EV 60.0 MPH)
Bottom of the 4th over - 0 runs, 1 hit, 0 errors, 1 left on base; Great Falls 11 - Cleveland (APP) 0
TOP OF THE 5TH
Great Falls Voyagers batting - Pitching for Cleveland (APP) Indians : RHP Gilbert Paparelli
Batting: LHB Jose Duran 0-0: Ball
1-0: Fly out, F9 (Flyball, 89S, EV 83.1 MPH)
Batting: LHB Carlos Ramirez 0-0: Ball
1-0: Ball
2-0: Ball
3-0: Base on Balls
Batting: RHB Vic Lucatero 0-0: Ball
1-0: Ball
Passed Ball!
Carlos Ramirez to second
2-0: Ball
Wild Pitch!
Carlos Ramirez to third
3-0: Base on Balls
Batting: LHB Josh Pittman 0-0: Called Strike
0-1: Ball
Passed Ball!
Carlos Ramirez scores
Vic Lucatero to second
1-1: Ball
Passed Ball!
Vic Lucatero to third
2-1: Called Strike
2-2: Strikes out swinging
Batting: RHB Duncan Collins 0-0: Swinging Strike
Passed Ball!
Vic Lucatero scores
0-1: Fly out, F7 (Flyball, 7S, EV 89.4 MPH)
Top of the 5th over - 2 runs, 0 hits, 0 errors, 0 left on base; Great Falls 13 - Cleveland (APP) 0
BOTTOM OF THE 5TH
Cleveland (APP) Indians batting - Pitching for Great Falls Voyagers : RHP Andy Gibson
Batting: LHB Jordan Jimenez 0-0: Called Strike
0-1: Swinging Strike
0-2: Foul Ball, location: 2F
0-2: Strikes out swinging
Batting: RHB John Clark 0-0: Ball
1-0: Called Strike
1-1: Ball
2-1: Foul Ball, location: 2F
2-2: Foul Ball, location: 2F
2-2: Strikes out swinging
Batting: RHB Carlos Manriquez 0-0: Called Strike
0-1: Ball
1-1: SINGLE (Flyball, 8RS, EV 88.1 MPH)
Batting: RHB Juan Gallardo 0-0: Called Strike
Carlos Manriquez steals 2nd base (no throw)
0-1: Ground out 6-3 (Groundball, 6M, EV 90.6 MPH)
Bottom of the 5th over - 0 runs, 1 hit, 0 errors, 1 left on base; Great Falls 13 - Cleveland (APP) 0
TOP OF THE 6TH
Great Falls Voyagers batting - Pitching for Cleveland (APP) Indians : RHP Gilbert Paparelli
Batting: SHB Matt Childers 0-0: Ball
1-0: Ball
2-0: Ball
3-0: Base on Balls
Batting: SHB Jose Romo 0-0: Called Strike
0-1: Called Strike
0-2: Ball
Passed Ball!
Matt Childers to second
1-2: Strikes out looking
Batting: RHB Juan Tovar 0-0: Foul Ball, location: 2F
0-1: Ball
Passed Ball!
Matt Childers to third
1-1: Ball
2-1: Called Strike
2-2: Foul Ball, location: 2F
2-2: Ball
3-2: Base on Balls
Batting: RHB Andy Cotton 0-0: Ball
Passed Ball!
Matt Childers scores
Juan Tovar to second
1-0: Ball
2-0: Foul Ball, location: 2F
2-1: Ball
Wild Pitch!
Juan Tovar to third
3-1: Base on Balls
Batting: LHB Jose Duran 0-0: Ball
1-0: Swinging Strike
1-1: Ball
2-1: Ball
3-1: Base on Balls
Andy Cotton to second
Batting: LHB Carlos Ramirez 0-0: Ball
1-0: Ball
2-0: Ball
3-0: Base on Balls
Juan Tovar scores
Andy Cotton to third
Jose Duran to second
Batting: RHB Vic Lucatero 0-0: Called Strike
0-1: Called Strike
0-2: Strikes out swinging
Batting: LHB Josh Pittman 0-0: Ball
1-0: SINGLE (Flyball, 4MD, EV 86.2 MPH)
Andy Cotton scores
Jose Duran to third
Carlos Ramirez to second
Runner from 3rd tries for Home, throw by CF and OUT! 8-2
Top of the 6th over - 3 runs, 1 hit, 0 errors, 2 left on base; Great Falls 16 - Cleveland (APP) 0
BOTTOM OF THE 6TH
Cleveland (APP) Indians batting - Pitching for Great Falls Voyagers : RHP Andy Gibson
Batting: RHB Luis Roman 0-0: Ball
1-0: Foul Ball, location: 2F
1-1: DOUBLE (Groundball, 5L, EV 108.8 MPH)
Batting: LHB Kenji Yokoyama 0-0: Ball
1-0: Called Strike
1-1: Ball
2-1: Ball
3-1: Foul Ball, location: 2F
3-2: Base on Balls
Pitching: LHP Marty de la Rosa
Batting: RHB Joe Shade 0-0: Swinging Strike
0-1: Ball
1-1: Swinging Strike
1-2: Ball
Wild Pitch!
Luis Roman to third
Kenji Yokoyama to second
2-2: Ball
3-2: Base on Balls
Batting: LHB Heath Ryland 0-0: Ball
1-0: Called Strike
1-1: Swinging Strike
1-2: Fielders Choice at 2nd, 3-6 (Groundball, 3, EV 90.0 MPH)
Luis Roman scores
Kenji Yokoyama to third
Batting: LHB Jose Esteban 0-0: Called Strike
0-1: Ball
1-1: Swinging Strike
1-2: Ball
2-2: Ball
3-2: Strikes out looking
Batting: LHB Jordan Jimenez 0-0: Called Strike
0-1: Swinging Strike
0-2: Strikes out swinging
Bottom of the 6th over - 1 run, 1 hit, 0 errors, 2 left on base; Great Falls 16 - Cleveland (APP) 1
TOP OF THE 7TH
Great Falls Voyagers batting - Pitching for Cleveland (APP) Indians : RHP Gilbert Paparelli
Batting: RHB Duncan Collins 0-0: Swinging Strike
0-1: Ball
1-1: Ball
2-1: Ball
3-1: Base on Balls
Pinch Hitting: RHB Kasey Bland 0-0: Fielders Choice at 2nd, 6-4 (Groundball, 6S, EV 78.1 MPH)
Batting: SHB Jose Romo 0-0: Fielders Choice at 2nd, 1-6 (Groundball, 13S, EV 68.8 MPH)
Batting: RHB Juan Tovar 0-0: Foul Ball, location: 2F
0-1: SINGLE (Groundball, 6MD, EV 100.0 MPH)
Jose Romo to second
Batting: RHB Andy Cotton 0-0: Ball
1-0: Ball
Passed Ball!
Jose Romo to third
Juan Tovar to second
2-0: Ball
3-0: Called Strike
3-1: Base on Balls
Batting: LHB Jose Duran 0-0: Ball
1-0: Ball
2-0: Ball
Passed Ball!
Jose Romo scores
Juan Tovar to third
Andy Cotton to second
3-0: Called Strike
3-1: Foul Ball, location: 2F
3-2: Foul Ball, location: 2F
3-2: Strikes out swinging
Top of the 7th over - 1 run, 1 hit, 0 errors, 2 left on base; Great Falls 17 - Cleveland (APP) 1
BOTTOM OF THE 7TH
Cleveland (APP) Indians batting - Pitching for Great Falls Voyagers : LHP Marty de la Rosa
Now at 3B: Kasey Bland
Batting: RHB John Clark 0-0: Called Strike
0-1: Ball
1-1: Foul Ball, location: 2F
1-2: Strikes out looking
Batting: RHB Carlos Manriquez 0-0: Called Strike
0-1: Swinging Strike
0-2: Ball
1-2: Strikes out swinging
Batting: RHB Juan Gallardo 0-0: Called Strike
0-1: Foul Ball, location: 2F
0-2: Ball
1-2: Foul Ball, location: 2F
1-2: Ground out 4-3 (Groundball, 4, EV 86.9 MPH)
Bottom of the 7th over - 0 runs, 0 hits, 0 errors, 0 left on base; Great Falls 17 - Cleveland (APP) 1
TOP OF THE 8TH
Great Falls Voyagers batting - Pitching for Cleveland (APP) Indians : RHP Gilbert Paparelli
Batting: LHB Carlos Ramirez 0-0: DOUBLE (Line Drive, 7LM, EV 99.4 MPH)
Batting: RHB Vic Lucatero 0-0: SINGLE (Groundball, 4MD, EV 105.0 MPH)
Carlos Ramirez to third
Batting: LHB Josh Pittman 0-0: Swinging Strike
0-1: Hit by Pitch
Vic Lucatero to second
Batting: RHB Duncan Collins 0-0: Ball
Wild Pitch!
Carlos Ramirez scores
Vic Lucatero to third
Josh Pittman to second
1-0: Ball
Passed Ball!
Vic Lucatero scores
Josh Pittman to third
2-0: Foul Ball, location: 2F
2-1: Ball
Wild Pitch!
Josh Pittman scores
3-1: Swinging Strike
3-2: Strikes out swinging
Batting: RHB Kasey Bland 0-0: Fly out, F7 (Flyball, 78M, EV 79.4 MPH)
Batting: SHB Jose Romo 0-0: DOUBLE (Flyball, 89D, EV 98.8 MPH)
Batting: RHB Juan Tovar 0-0: Called Strike
0-1: Called Strike
0-2: Ball
1-2: Ball
2-2: Ball
3-2: Base on Balls
Batting: RHB Andy Cotton 0-0: Ball
1-0: Foul Ball, location: 2F
1-1: Foul Ball, location: 2F
1-2: Ball
Wild Pitch!
Jose Romo to third
Juan Tovar to second
2-2: Foul Ball, location: 2F
2-2: Ball
3-2: Base on Balls
Batting: LHB Jose Duran 0-0: Ball
1-0: Ball
2-0: Called Strike
2-1: Ball
3-1: Foul Ball, location: 2F
3-2: Base on Balls
Jose Romo scores
Juan Tovar to third
Andy Cotton to second
Batting: LHB Carlos Ramirez 0-0: Ball
1-0: TRIPLE (Line Drive, 78XD, EV 107.5 MPH)
Juan Tovar scores
Andy Cotton scores
Jose Duran scores
Batting: RHB Vic Lucatero 0-0: Ball
Passed Ball!
Carlos Ramirez scores
1-0: Ball
2-0: Called Strike
2-1: Foul Ball, location: 2F
2-2: Strikes out swinging
Top of the 8th over - 8 runs, 4 hits, 0 errors, 0 left on base; Great Falls 25 - Cleveland (APP) 1
BOTTOM OF THE 8TH
Cleveland (APP) Indians batting - Pitching for Great Falls Voyagers : LHP Marty de la Rosa
Batting: RHB Luis Roman 0-0: Called Strike
0-1: SINGLE (Groundball, 56D, EV 94.4 MPH)
Batting: LHB Kenji Yokoyama 0-0: Ball
1-0: Ball
2-0: Called Strike
2-1: Foul Ball, location: 2F
2-2: DOUBLE (Line Drive, 89M, EV 105.0 MPH)
Luis Roman to third
Batting: RHB Joe Shade 0-0: Called Strike
0-1: 3-RUN HOME RUN (Flyball, 7D, EV 97.5 MPH), Distance : 378 ft
Batting: LHB Heath Ryland 0-0: Swinging Strike
0-1: Ball
1-1: Ground out 6-3 (Groundball, 6S, EV 68.8 MPH)
Batting: LHB Jose Esteban 0-0: Called Strike
0-1: Ground out 4-3 (Groundball, 4, EV 109.4 MPH)
Batting: LHB Jordan Jimenez 0-0: Swinging Strike
0-1: Foul Ball, location: 2F
0-2: Foul Ball, location: 2F
0-2: Ball
1-2: Strikes out swinging
Bottom of the 8th over - 3 runs, 3 hits, 0 errors, 0 left on base; Great Falls 25 - Cleveland (APP) 4
TOP OF THE 9TH
Great Falls Voyagers batting - Pitching for Cleveland (APP) Indians : RHP Gilbert Paparelli
Batting: LHB Josh Pittman 0-0: Ball
1-0: Ball
2-0: Foul Ball, location: 2F
2-1: Ball
3-1: Swinging Strike
3-2: Foul Ball, location: 2F
3-2: Base on Balls
Batting: RHB Duncan Collins 0-0: Ball
1-0: SINGLE (Line Drive, 6D, EV 98.1 MPH)
Josh Pittman to second
Batting: RHB Kasey Bland 0-0: Foul Ball, location: 2F
0-1: Called Strike
0-2: Ball
Passed Ball!
Josh Pittman to third
Duncan Collins to second
1-2: SINGLE (Groundball, 6S, EV 68.8 MPH) (infield hit)
Josh Pittman scores
Duncan Collins to third
Batting: SHB Jose Romo 0-0: Called Strike
0-1: DOUBLE (Line Drive, 3D, EV 96.2 MPH)
Duncan Collins scores
Kasey Bland to third
Batting: RHB Juan Tovar 0-0: Ball
1-0: Ball
Passed Ball!
Kasey Bland scores
Jose Romo to third
2-0: Ball
Passed Ball!
Jose Romo scores
3-0: Called Strike
3-1: Base on Balls
Batting: RHB Andy Cotton 0-0: 2-RUN HOME RUN (Flyball, 8RXD, EV 114.4 MPH), Distance : 452 ft
Batting: LHB Jose Duran 0-0: Ground out 6-3 (Groundball, 56, EV 101.2 MPH)
Batting: LHB Carlos Ramirez 0-0: Ball
1-0: Fly out, F7 (Flyball, 7LM, EV 106.2 MPH)
Batting: RHB Vic Lucatero 0-0: Ball
1-0: Ball
2-0: Ball
3-0: Base on Balls
Batting: LHB Josh Pittman 0-0: Reached on error, E7 (Flyball, 7S, EV 85.0 MPH)
Vic Lucatero to third
Batting: RHB Duncan Collins 0-0: Swinging Strike
Passed Ball!
Vic Lucatero scores
Josh Pittman to third
0-1: Fly out, F3 (Popup, 3F, EV 74.4 MPH)
Top of the 9th over - 7 runs, 4 hits, 1 error, 1 left on base; Great Falls 32 - Cleveland (APP) 4
BOTTOM OF THE 9TH
Cleveland (APP) Indians batting - Pitching for Great Falls Voyagers : LHP Marty de la Rosa
Pitching: LHP Evan Boyd
Batting: RHB John Clark 0-0: Ball
1-0: Called Strike
1-1: Ball
2-1: Ball
3-1: Base on Balls
Batting: RHB Carlos Manriquez 0-0: Foul Ball, location: 2F
0-1: Ball
1-1: SINGLE (Line Drive, 7S, EV 101.9 MPH)
John Clark to second
Batting: RHB Juan Gallardo 0-0: Called Strike
0-1: Ball
1-1: Ball
2-1: Ball
3-1: Foul Ball, location: 2F
3-2: DOUBLE (Line Drive, 9LS, EV 103.1 MPH)
John Clark scores
Carlos Manriquez to third
Batting: RHB Luis Roman 0-0: Called Strike
0-1: Foul Ball, location: 2F
0-2: Strikes out swinging
Batting: LHB Kenji Yokoyama 0-0: Called Strike
0-1: Ground out 6-3 (Groundball, 56D, EV 101.9 MPH)
Carlos Manriquez scores
Batting: RHB Joe Shade 0-0: Called Strike
0-1: Foul Ball, location: 2F
0-2: Fly out, F2 (Popup, 13S, EV 92.5 MPH)
Bottom of the 9th over - 2 runs, 2 hits, 0 errors, 1 left on base; Great Falls 32 - Cleveland (APP) 6
Thursday, March 31st , 2022 - OOTP Baseball 22.12 Build 89